 Dungeon Crawl Stone Soup version 0.28.0-53-g5a82cb258f (webtiles) character file.

Game seed: 4141109504680749915

58 Zeld the Conjurer (level 3, 0/19 HPs)
             Began as a Deep Elf Conjurer on May 25, 2022.
             Slain by a jackal (1 damage)
             ... on level 1 of the Dungeon.
             The game lasted 00:01:15 (1060 turns).

Zeld the Conjurer (Deep Elf Conjurer)               Turns: 1060, Time: 00:01:16

Health: 0/19       AC:  2    Str:  4    XL:     3   Next: 75%
Magic:  1/10       EV: 12    Int: 24    God:
Gold:   30         SH:  0    Dex: 13    Spells: 6/9 levels left

rFire   . . .      SeeInvis .   (no weapon)
rCold   . . .      Faith    .   (no shield)
rNeg    . . .      Spirit   .   a - +0 robe
rPois   .          Reflect  .   (no helmet)
rElec   .          Harm     .   (no cloak)
rCorr   .          Rampage  .   (no gloves)
Will    .....                   (no boots)
Stlth   ++........              (no amulet)
HPRegen 0.06/turn               (no ring)
MPRegen 0.12/turn               (no ring)

@: no status effects
A: no striking features
a: no special abilities


You were on level 1 of the Dungeon.
You visited 1 branch of the dungeon, and saw 1 of its levels.

You collected 30 gold pieces.

Inventory:

Armour
 a - a +0 robe (worn)
Jewellery
 b - a ring of protection from cold
Scrolls
 c - a scroll of brand weapon {unknown}
 d - 3 scrolls of enchant weapon {unknown}
 f - a scroll of holy word {unknown}
 g - a scroll of summoning {unknown}
 i - a scroll of silence {unknown}
Potions
 e - a potion of brilliance {unknown}
 h - 2 potions of mutation {unknown}
 j - a potion of might {unknown}
 k - a potion of invisibility {unknown}
 l - a potion of lignification {unknown}


   Skills:
 - Level 2.4 Dodging
 - Level 2.4 Stealth
 + Level 3.6 Spellcasting
 + Level 4.8 Conjurations
 - Level 2.0 Hexes
 - Level 2.0 Translocations


You had 6 spell levels left.
You knew the following spells:

 Your Spells              Type           Power      Damage    Failure   Level
a - Magic Dart            Conj           100%       1d8       1%          1
b - Searing Ray           Conj           54%        2d6       1%          2

Your spell library contained the following spells:

 Spells                   Type           Power      Damage    Failure   Level
 Dazzling Flash           Conj/Hex       40%        N/A       8%          3
 Fulminant Prism          Conj/Hex       10%        3d9       24%         4
 Iskenderun's Mystic Bla  Conj/Tloc      20%        2d6       24%         4


Dungeon Overview and Level Annotations

Branches:
Dungeon (1/15)

Altars:


Message History

Press: ? - help, Shift-Dir - straight line, f - giant cockroach
Aim: a giant cockroach (100% to hit)
The magic dart hits the giant cockroach.
The giant cockroach is severely wounded.
The giant cockroach bites you but does no damage.
Unknown command.
You barely miss the giant cockroach.
The giant cockroach is severely wounded.
The giant cockroach bites you.
Casting: Magic Dart (safe; 1% risk of failure)
Confirm with . or Enter, or press ? or * to list all spells.
Aiming: Magic Dart (safe; 1% risk of failure)
Press: ? - help, Shift-Dir - straight line, f/p - giant cockroach
Aim: a giant cockroach (severely wounded, 100% to hit)
The magic dart hits the giant cockroach.
You kill the giant cockroach!
The jackal bites you.
* * * LOW HITPOINT WARNING * * *
Training target 2.0 for Translocations reached!
Your Translocations skill increases to level 2!
The jackal barely misses you. The jackal bites you.
* * * LOW HITPOINT WARNING * * *
The jackal bites you.
* * * LOW HITPOINT WARNING * * *
The jackal misses you. The jackal bites you.
* * * LOW HITPOINT WARNING * * *
Casting: Magic Dart (safe; 1% risk of failure)
Confirm with . or Enter, or press ? or * to list all spells.
Aiming: Magic Dart (safe; 1% risk of failure)
Press: ? - help, Shift-Dir - straight line, f - jackal
Aim: a jackal (100% to hit)
The magic dart hits the jackal.
The jackal is lightly wounded.
The jackal misses you.
Unknown command.
The jackal barely misses you. The jackal bites you.
You die...

.............# ##.≈≈≈≈.≈≈≈≈≈.#
#######+###..####.≈≈≈≈.≈≈≈≈≈.#
...>...⌠..#.......≈≈≈≈.≈≈≈≈≈.##
...<......#...###.≈≈≈≈.≈≈≈≈≈..#
..###....⌠†...# #..r..........#
..........#...# ####..##.####.#
###'#######...#######.##......#
......... #.#.#...##...#.######
J.........#.#.#.@hr......#
..........#.#..........###
###########.#.........##
............#.......###
........#######...### #######.#
#...# #.# ##.## #.# #.### #.#
#...#


You could see a jackal and a rat.

Vanquished Creatures
  A jelly (D:1)
  8 endoplasms (D:1)
  2 giant cockroaches (D:1)
  A goblin (D:1)
  2 jackals (D:1)
  2 quokkas (D:1)
  A ball python (D:1)
  2 bats (D:1)
  2 kobolds (D:1)
  6 rats (D:1)
27 creatures vanquished.

Notes
Turn   | Place    | Note
-------+----------+-------------------------------------------
     0 | D:1      | Zeld the Deep Elf Conjurer began the quest for the Orb.
     0 | D:1      | Reached XP level 1. HP: 10/10 MP: 6/6
     2 | D:1      | Found a runed translucent door.
     3 | D:1      | Noticed a jelly
   191 | D:1      | Reached skill level 1 in Hexes
   217 | D:1      | Reached XP level 2. HP: 14/15 MP: 2/8
   287 | D:1      | Reached skill level 1 in Translocations
   996 | D:1      | Learned a level 2 spell: Searing Ray
  1021 | D:1      | Reached XP level 3. HP: 13/19 MP: 6/10
  1060 | D:1      | Slain by a jackal

Illustrated notes

Levels and vault maps discovered:
D:1:      dpeg_arrival_caged_fury, layout_loops_ring, minivault_14,
          hangedman_decor_clover_reticule

Skill      XL: |  1  2  3 |
---------------+----------+-----
Hexes          | 1 2 |  2.0
Translocations | 1 2 |  2.0
Dodging        | |  2.4
Stealth        | |  2.4
Spellcasting   | |  3.6
Conjurations   | |  4.8

Action                   || total
-------------------------++-------
Melee: Unarmed           ||     1
 Cast: Magic Dart        ||    36
       Searing Ray       ||     2
Armor: Robe              ||     6
Dodge: Dodged            ||    14
